 Dungeon Crawl Stone Soup version 0.30-a0-121-gb27577e5d9 (webtiles) character file.

Game seed: 14748594799526163705

298 Zonian the Digger (level 6, -2/32 HPs)
             Began as a Gargoyle Earth Elementalist on Sept 15, 2022.
             Slain by an ogre
             ... wielding a +0 giant club
              (17 damage)
             ... on level 4 of the Dungeon.
             The game lasted 00:06:23 (3851 turns).

Zonian the Digger (Gargoyle Earth Elementalist)     Turns: 3851, Time: 00:06:24

Health: -2/32      AC: 11    Str: 11    XL:     6   Next: 35%
Magic:  8/10       EV: 12    Int: 18    God:
Gold:   187        SH:  0    Dex: 10    Spells: 7/11 levels left

rFire   . . .      SeeInvis +    h - +1 whip (elec)
rCold   . . .      Faith    .    (no shield)
rNeg    + . .      Spirit   .    n - +0 leather armour
rPois   ∞          Reflect  .    o - +2 helmet {SInv}
rElec   +          Harm     .    (no cloak)
rCorr   .          Rampage  .    (no gloves)
Will    .....                    p - +0 pair of boots
Stlth   ++........               j - amulet of regeneration
HPRegen 0.90/turn                (no ring)
MPRegen 0.12/turn                (no ring)

@: no status effects
A: sickness immunity, AC +4, negative energy resistance 1, electricity
resistance, torment resistance 1, petrification resistance
a: no special abilities


You were on level 4 of the Dungeon.
You visited 1 branch of the dungeon, and saw 4 of its levels.

You collected 187 gold pieces.

Inventory:

Hand Weapons
 c - a +0 short sword
 h - a +1 whip of electrocution (weapon)
 i - a +1 dagger of speed
Missiles
 l - a throwing net
 q - 3 boomerangs
Armour
 a - a +0 robe
 n - a +0 leather armour (worn)
 o - a +2 helmet of see invisible (worn)
 p - a +0 pair of boots (worn)
Jewellery
 j - an amulet of regeneration (around neck)
Scrolls
 e - 5 scrolls of poison
 f - a scroll of noise {unknown}
 g - a scroll of vulnerability
 m - a scroll of blinking
Potions
 b - a potion of magic
 d - 2 potions of curing
 k - 3 potions of brilliance
 r - a potion of haste {unknown}


   Skills:
 + Level 2.8 Dodging
 + Level 4.0 Stealth
 + Level 3.2 Spellcasting
 + Level 2.0 Conjurations
 - Level 1.0 Transmutations
 + Level 4.9 Earth Magic


You had 7 spell levels left.
You knew the following spells:

 Your Spells              Type           Power      Damage    Failure   Level
a - Sandblast             Erth           40%        2d10      2%          1
b - Stone Arrow           Conj/Erth      30%        3d8       16%         3

Your spell library contained the following spells:

 Spells                   Type           Power      Damage    Failure   Level
 Passwall                 Tmut/Erth      10%        N/A       10%         2
 Petrify                  Tmut/Erth      13%        N/A       52%         4


Dungeon Overview and Level Annotations

Branches:
Dungeon (4/15)
 Temple: D:4-7

Altars:
Nemelex Xobeh
Trog

Shops:
D:3 (


Innate Abilities, Weirdness & Mutations

You are immune to sickness and miasma.
Your stone body is resilient. (AC +4)
You are immune to poison.
You resist negative energy. (rN+)
You are resistant to electric shocks. (rElec)
You are resistant to unholy torment.
You are immune to petrification.


Message History

The quokka is almost dead.
The quokka bites you but does no damage.
You closely miss the quokka.
The quokka is almost dead.
The quokka bites you but does no damage.
You hit the quokka but do no damage.
The quokka is almost dead.
The quokka bites you but does no damage.
The quokka barely misses you.
You miss the quokka.
The quokka is almost dead.
The quokka closely misses you.
You barely miss the quokka.
The quokka is almost dead.
The quokka closely misses you.
You closely miss the quokka.
The quokka is almost dead.
The quokka closely misses you. The quokka barely misses you.
You closely miss the quokka.
The quokka is almost dead.
The quokka closely misses you.
You hit the quokka.
You kill the quokka!
The ogre misses you.
The blast of sand hits the ogre!!
The ogre is severely wounded.
The ogre hits you with a +0 giant club!!
Ouch! That really hurt!
You are too injured to fight recklessly!
You are too injured to fight recklessly!
Casting: Sandblast (safe; 2% risk of failure)
Confirm with . or Enter, or press ? or * to list all spells.
Aiming: Sandblast (safe; 2% risk of failure)
Press: ? - help, Shift-Dir - straight line, f/p - ogre
Aim: an ogre, wielding a +0 giant club (severely wounded, 92% to hit)
The blast of sand hits the ogre!
The ogre is almost dead.
The ogre hits you with a +0 giant club!
Ouch! That really hurt!
You die...

#......#.......#
#......#.......#
##########.))...#.......#
..........))............#
..........####..........#
......[...# #.....######
#########...# #.....# #...
#...####...†.########### #....
#...'.O@................
#....####...####.........#######
#...........# ####......#
#...........# #......#
#........>...# #......#
#............# #......#
#............# ########
###'#....#..... ........#......


You could see an ogre.

Vanquished Creatures
  A phantom (D:4)
  An orc priest (D:3)
  A jelly (D:4)
  2 orc wizards
  2 adders
  2 worms (D:2)
  A dart slug (D:1)
  7 orcs
  4 bats
  7 endoplasms
  4 giant cockroaches
  5 goblins
  7 hobgoblins
  2 jackals (D:4)
  10 kobolds
  3 quokkas
  5 ball pythons
  3 frilled lizards
  8 rats
75 creatures vanquished.

Notes
Turn   | Place    | Note
-------+----------+-------------------------------------------
     0 | D:1      | Zonian the Gargoyle Earth Elementalist began the quest for
                  | the Orb.
     0 | D:1      | Reached XP level 1. HP: 10/10 MP: 3/3
    10 | D:1      | Found a faded altar of an unknown god.
   343 | D:1      | Reached skill level 1 in Transmutations
   343 | D:1      | Reached XP level 2. HP: 15/15 MP: 3/5
  1060 | D:1      | Reached XP level 3. HP: 19/19 MP: 6/6
  1893 | D:2      | Found a sparkling altar of Nemelex Xobeh.
  2319 | D:2      | Reached XP level 4. HP: 24/24 MP: 7/7
  2330 | D:2      | Learned a level 3 spell: Stone Arrow
  3036 | D:3      | Found Yzehug's Antique Weapon Shoppe.
  3095 | D:3      | Reached skill level 1 in Conjurations
  3095 | D:3      | Reached XP level 5. HP: 22/28 MP: 3/9
  3614 | D:4      | Noticed a moth of wrath
  3617 | D:4      | Found a bloodstained altar of Trog.
  3686 | D:4      | Identified the +1 chain mail of Wintionk {rN+}
  3706 | D:4      | Noticed a phantom
  3725 | D:4      | Killed a phantom
  3726 | D:4      | Reached XP level 6. HP: 27/32 MP: 5/10
  3851 | D:4      | Slain by an ogre

Illustrated notes

Levels and vault maps discovered:
D:1:      amcnicky_arrival_feature_with_door, layout_basic,
          basic_ecumenical_altar
D:2:      layout_rooms, serial_rivers, chequers_serial_rivers_room_b,
          chequers_serial_rivers_micro_c, chequers_serial_rivers_micro_b,
          chequers_serial_rivers_large_a, chequers_serial_rivers_small_b,
          chequers_serial_rivers_micro_e, basic_altar
D:3:      layout_rooms, serial_shops, nicolae_shop_trees, nrook_campfire
D:4:      layout_basic, tgw_trog, kennysheep_orc_chapel

Skill      XL: |  1  2  3  4  5 |
---------------+----------------+-----
Transmutations | 1 |  1.0
Dodging        | 2 |  2.8
Earth Magic    | 4 |  4.9
Stealth        | 3 4 |  4.0
Conjurations   | 1 2 |  2.0
Spellcasting   | 3 |  3.2

Action                   |  1- 3 |  4- 6 || total
-------------------------+-------+-------++-------
Melee: Short sword       |    16 |       ||    16
       Unarmed           |     3 |       ||     3
       Punch             |     1 |       ||     1
       Whip              |    43 |   100 ||   143
 Cast: Sandblast         |    35 |    17 ||    52
  Use: Scroll            |       |     5 ||     5
       Potion            |       |     1 ||     1
 Stab: Sleeping          |     3 |     2 ||     5
Armor: Robe              |    19 |       ||    19
       Leather armour    |    11 |    66 ||    77
Dodge: Dodged            |    40 |    71 ||   111

Table legend: (Time is in decaauts)
 A = Elapsed time spent in this place.
 B = Non-inter-level travel time spent in this place.
 C = Inter-level travel time spent in this place.
 D = Time resting spent in this place.
 E = Time spent auto-exploring this place.
 F = Levels seen in this place.
 G = Mean time per level.
                   A        B        C        D        E       F      G
               +--------+--------+--------+--------+--------+-----+--------+
         Total |   3906 |   3779 |    127 |    758 |   2250 |   4 |  976.5 |
       Dungeon |   3906 |   3779 |    127 |    758 |   2250 |   4 |  976.5 |
               +--------+--------+--------+--------+--------+-----+--------+

Top non-repeatable levels by time:
     D:1: 1864 daAuts
     D:2: 982 daAuts
     D:4: 558 daAuts
     D:3: 501 daAuts
